 Dungeon Crawl Stone Soup version 0.19.4-9-g45fd643 (webtiles) character file.

105 danebombitumenja the Shooter (level 4, 0/37 HPs)
             Began as a Centaur Hunter on Feb 18, 2017.
             Succumbed to danebombitumenja's ghost's poison
             ... on level 3 of the Dungeon.
             The game lasted 00:04:36 (1575 turns).

danebombitumenja the Shooter (Centaur Hunter)       Turns: 1575, Time: 00:04:36

Health: 0/37       AC: 14    Str: 16    XL:     4   Next: 54%
Magic:  4/4        EV:  4    Int: 10    God:
Gold:   189        SH:  0    Dex:  9    Spells: 0 memorised, 3 levels left

rFire  . . .     SeeInvis .     a - +1 shortbow
rCold  . . .     Gourm    .     e - +4 chain mail
rNeg   . . .     Faith    .     (shield currently unavailable)
rPois  .         Spirit   .     g - +0 helmet
rElec  .         Reflect  .     v - +0 cloak
rCorr  .         Harm     .     u - +0 pair of gloves (curse)
MR     +....                    (no barding)
Stlth  ..........               (no amulet)
                                (no ring)
                                k - ring of protection from magic

@: lethally poisoned (0 -> -52), very quick
A: hooves 3, deformed body, speed 2, tough skin 3
a: no special abilities


You were on level 3 of the Dungeon.
You were not hungry.

You visited 1 branch of the dungeon, and saw 3 of its levels.

You collected 189 gold pieces.

Inventory:

Hand Weapons
 a - a +1 shortbow (weapon)
 b - a +0 short sword
Missiles
 d - 34 arrows (quivered)
 q - 20 bolts
Armour
 e - a +4 chain mail (worn)
 g - a +0 helmet (worn)
 u - a cursed +0 pair of gloves (worn)
 v - a +0 cloak (worn)
Jewellery
 k - a ring of protection from magic (left hand)
Scrolls
 c - 2 scrolls of teleportation {unknown}
 o - 2 scrolls of fear {unknown}
 p - 4 scrolls of identify {unknown}
 w - a scroll of enchant armour {unknown}
Potions
 h - 2 potions of resistance {unknown}
 i - 2 potions of flight {unknown}
 j - 2 potions of curing {unknown}
 l - a potion of berserk rage {unknown}
 r - a potion of invisibility {unknown}
Comestibles
 f - 2 bread rations
 m - 5 fruits
 n - 4 chunks of flesh
 s - a meat ration
 t - a slice of pizza


   Skills:
 + Level 2.8 Fighting
 * Level 7.4 Bows
 - Level 1.3 Dodging
 - Level 0.4 Stealth


You had 3 spell levels left.
You didn't know any spells.

Dungeon Overview and Level Annotations

Branches:
Dungeon (3/15)

Altars:

Annotations:
D:3 danebombitumenja's ghost, amateur CeHu


Innate Abilities, Weirdness & Mutations

You have hooves in place of feet.
Armour fits poorly on your strangely shaped body.
You cover ground very quickly.
You have extremely tough skin. (AC +3)


Message History

* * * LOW HITPOINT WARNING * * *
You feel very sick.
Danebombitumenja's ghost hits you but does no damage.
You are more poisoned.
Firing (i - inventory):
d - 36 arrows (quivered)
Press: ? - help, Shift-Dir - straight line, f/p - danebombitumenja's ghost
Aim: danebombitumenja's ghost, wielding a weapon of venom (moderately damaged)
You shoot an arrow.
The arrow hits danebombitumenja's ghost.
Danebombitumenja's ghost is heavily damaged.
* * * LOW HITPOINT WARNING * * *
You feel very sick.
Danebombitumenja's ghost hits you but does no damage.
You are more poisoned.
Firing (i - inventory):
d - 35 arrows (quivered)
Press: ? - help, Shift-Dir - straight line, f/p - danebombitumenja's ghost
Aim: danebombitumenja's ghost, wielding a weapon of venom (heavily damaged)
You shoot an arrow.
The arrow barely misses danebombitumenja's ghost.
You die...

▒·····▒▒▒▒···········
▒······▒▒·····▒▒▒▒·▒▒
▒··▒▒······▒▒·▒
▒···▒▒▒··▒▒▒··▒
▒▒·····▒▒▒▒····▒
·▒··▒··········▒ ▒
···············▒▒ ·▒
)·▒▒▒▒▒▒▒▒▒▒▒···▒▒▒·▒▒·▒
▒·▒ ▒▒▒·▒·@W····(▒ ▒·▒
▒▒▒▒▒▒▒···▒···▒(·(·· ▒··
········▒▒▒▒▒·▒ ▒▒▒
▒▒▒▒▒▒▒▒▒▒▒···▒···▒
▒▒▒·▒·▒▒▒ ▒▒▒▒▒···▒
·········▒ ▒▒▒▒▒▒▒▒·▒
▒·▒


You could see danebombitumenja's ghost.

Vanquished Creatures
  An iguana (D:3)
  3 adders
  An ooze (D:2)
  A dart slug (D:2)
  4 orcs (D:3)
  A ball python (D:3)
  7 goblins
  3 hobgoblins (D:1)
  5 jackals (D:2)
  9 bats
  3 frilled lizards
  4 kobolds
  3 rats
45 creatures vanquished.

Notes
Turn   | Place    | Note
-------+----------+-------------------------------------------
     0 | D:1      | danebombitumenja the Centaur Hunter began the quest for the Orb.
     0 | D:1      | Reached XP level 1. HP: 17/17 MP: 1/1
   145 | D:1      | Reached XP level 2. HP: 23/24 MP: 2/2
   194 | D:1      | Reached skill level 6 in Bows
   702 | D:2      | Reached XP level 3. HP: 26/29 MP: 3/3
  1286 | D:3      | Reached skill level 7 in Bows
  1287 | D:3      | Reached XP level 4. HP: 37/37 MP: 4/4
  1559 | D:3      | Noticed danebombitumenja's ghost (amateur CeHu)
  1575 | D:3      | Succumbed to danebombitumenja's ghost's poison

Skill      XL: |  1  2  3 |
---------------+----------+-----
Bows           | 6 7 |  7.4
Fighting       | |  2.8
Dodging        | |  1.3
Stealth        | |  0.4

Action                   |  1- 3 |  4- 6 || total
-------------------------+-------+-------++-------
Melee: Short sword       |       |     3 ||     3
       Kick              |       |     1 ||     1
 Fire: Shortbow          |   128 |    33 ||   161
  Eat: Chunk             |       |     1 ||     1
Armor: Chain mail        |    47 |    32 ||    79
       Leather armour    |     4 |       ||     4
Dodge: Dodged            |    12 |    11 ||    23
